 Dungeon Crawl Stone Soup version 0.25-a0-549-g6e6e6501ad (webtiles) character file.

Game seed: 7970343327739228171, levelgen mode: deterministic

361 ReteAZ the Magician (level 6, 0/44 HPs)
             Began as a Gnoll Wizard on Feb 23, 2020.
             Succumbed to a worker ant's poison
             ... on level 4 of the Dungeon.
             The game lasted 00:06:31 (3485 turns).

ReteAZ the Magician (Gnoll Wizard)                  Turns: 3485, Time: 00:06:32

Health: 0/44       AC:  2    Str: 11    XL:     6   Next: 66%
Magic:  3/16       EV: 14    Int: 21    God:
Gold:   175        SH:  0    Dex: 13    Spells: 13/19 levels left

rFire    . . .     SeeInvis .   u - +0 scythe
rCold    . . .     Gourm    .   (shield currently unavailable)
rNeg     . . .     Faith    .   a - +0 robe
rPois    .         Spirit   .   b - +0 hat
rElec    .         Reflect  .   (no cloak)
rCorr    .         Harm     .   (no gloves)
MR       .....                  (no boots)
Stlth    +++.......             (no amulet)
HPRegen  0.14/turn              (no ring)
MPRegen  0.15/turn              (no ring)

@: lethally poisoned (0 -> -9)
A: distributed training, fangs 1, strong nose
a: no special abilities


You were on level 4 of the Dungeon.
You were hungry.

You visited 1 branch of the dungeon, and saw 4 of its levels.

You collected 175 gold pieces.

Inventory:

Hand Weapons
 h - a +0 dagger
 j - a +0 short sword
 u - a +0 scythe (weapon)
Armour
 a - a +0 robe (worn)
 b - a +0 hat (worn)
Scrolls
 c - 2 scrolls of remove curse
 e - a scroll of amnesia {unknown}
 g - a scroll of immolation {unknown}
 i - 2 scrolls of identify
 l - a scroll of enchant armour {unknown}
 m - a scroll of teleportation {unknown}
 o - 2 scrolls of magic mapping {unknown}
 p - 2 scrolls of noise {unknown}
 t - a scroll of fear {unknown}
Potions
 f - 3 potions of curing
 k - a potion of ambrosia {unknown}
 n - a potion of might {unknown}
 q - 2 potions of heal wounds {unknown}
 r - a potion of degeneration {unknown}
 s - a potion of brilliance {unknown}
Comestibles
 d - 5 rations


   Skills:
 + Level 2.0 Fighting
 + Level 2.0 Short Blades
 + Level 2.0 Long Blades
 + Level 2.0 Axes
 + Level 2.0 Maces & Flails
 + Level 2.0 Polearms
 + Level 2.0 Staves
 + Level 2.0 Slings
 + Level 2.0 Bows
 + Level 2.0 Crossbows
 + Level 2.0 Throwing
 + Level 2.0 Armour
 + Level 5.0 Dodging
 + Level 4.6 Stealth
 + Level 2.0 Shields
 + Level 2.0 Unarmed Combat
 + Level 7.4 Spellcasting
 + Level 2.6 Conjurations
 + Level 1.6 Hexes
 + Level 1.6 Charms
 + Level 2.6 Summonings
 + Level 1.6 Necromancy
 + Level 2.6 Translocations
 + Level 1.6 Transmutations
 + Level 1.6 Fire Magic
 + Level 1.6 Ice Magic
 + Level 1.6 Air Magic
 + Level 1.6 Earth Magic
 + Level 1.6 Poison Magic
 + Level 2.2 Invocations
 + Level 2.0 Evocations


You had 13 spell levels left.
You knew the following spells:

 Your Spells              Type           Power        Failure   Level  Hunger
a - Magic Dart            Conj           ###.         2%          1    None
b - Call Imp              Summ           ###.....     4%          2    None
c - Mephitic Cloud        Conj/Pois/Air  ###.....     11%         3    None

Your spell library contained the following spells:

 Spells                   Type           Power        Failure   Level  Hunger
 Blink                    Tloc           N/A          4%          2    None
 Slow                     Hex            ##......     7%          2    None
 Conjure Flame            Conj/Fire      ###.....     11%         3    None


Dungeon Overview and Level Annotations

Branches:
Dungeon (4/15)
 Temple: D:4-7

Altars:

Annotations:
D:3 1 runed translucent door, Crazy Yiuf


Innate Abilities, Weirdness & Mutations

Your experience applies equally to all skills.
You have very sharp teeth.
Your uncanny sense of smell can sniff out nearby items.


Message History

The worker ant barely misses you. The orc closely misses you.
The worker ant bites you.
* * * LOW HITPOINT WARNING * * *
You are more poisoned.
The worker ant poisons you!
You hit the orc.
The orc is almost dead.
* * * LOW HITPOINT WARNING * * *
You feel sick. The worker ant closely misses you. The orc closely misses you.
The worker ant closely misses you.
You hit the orc.
You kill the orc!
* * * LOW HITPOINT WARNING * * *
You feel sick. The worker ant barely misses you.
The worker ant closely misses you.
* * * LOW HITPOINT WARNING * * *
You feel sick.
There is a stone staircase leading up, spattered with blood here.
Items here: ))) ? [[ † You die...

### ..#
###.# .#.##
. ... ...
∆#.#
#...#####[#
∆
#....†a<@.#
#...#######
#.


You could see a worker ant.

Vanquished Creatures
  Sigmund (D:3)
  An orc priest (D:4)
  A hound (D:4)
  An orc wizard (D:4)
  A worker ant (D:2)
  2 adders (D:2)
  An ooze (D:1)
  3 worms
  2 dart slugs
  2 leopard geckos (D:1)
  4 orcs
  8 bats
  4 giant cockroaches
  5 goblins
  5 hobgoblins
  6 jackals
  5 kobolds
  2 quokkas (D:2)
  A ball python (D:1)
  4 frilled lizards
  9 rats
68 creatures vanquished.

Vanquished Creatures (collateral kills)
  Jessica (D:3)
  A kobold (D:3)
2 creatures vanquished.

Grand Total: 70 creatures vanquished

Notes
Turn   | Place    | Note
-------+----------+-------------------------------------------
     0 | D:1      | ReteAZ the Gnoll Wizard began the quest for the Orb.
     0 | D:1      | Reached XP level 1. HP: 13/13 MP: 8/8
   139 | D:1      | Reached XP level 2. HP: 16/20 MP: 0/10
   688 | D:1      | Reached XP level 3. HP: 25/25 MP: 4/11
   891 | D:1      | Learned a level 2 spell: Call Imp
  1449 | D:2      | Reached skill level 1 in Invocations
  1532 | D:2      | Reached skill level 1 in Fighting
  1532 | D:2      | Reached skill level 1 in Short Blades
  1532 | D:2      | Reached skill level 1 in Long Blades
  1532 | D:2      | Reached skill level 1 in Axes
  1532 | D:2      | Reached skill level 1 in Maces & Flails
  1532 | D:2      | Reached skill level 1 in Polearms
  1532 | D:2      | Reached skill level 1 in Staves
  1532 | D:2      | Reached skill level 1 in Slings
  1532 | D:2      | Reached skill level 1 in Bows
  1532 | D:2      | Reached skill level 1 in Crossbows
  1532 | D:2      | Reached skill level 1 in Throwing
  1532 | D:2      | Reached skill level 1 in Armour
  1532 | D:2      | Reached skill level 1 in Shields
  1532 | D:2      | Reached skill level 1 in Unarmed Combat
  1532 | D:2      | Reached skill level 1 in Evocations
  1615 | D:2      | Reached XP level 4. HP: 28/32 MP: 3/13
  1819 | D:2      | Learned a level 3 spell: Mephitic Cloud
  1967 | D:2      | Reached skill level 1 in Hexes
  1967 | D:2      | Reached skill level 1 in Charms
  1967 | D:2      | Reached skill level 1 in Necromancy
  1967 | D:2      | Reached skill level 1 in Transmutations
  1967 | D:2      | Reached skill level 1 in Fire Magic
  1967 | D:2      | Reached skill level 1 in Ice Magic
  1967 | D:2      | Reached skill level 1 in Air Magic
  1967 | D:2      | Reached skill level 1 in Earth Magic
  1967 | D:2      | Reached skill level 1 in Poison Magic
  2693 | D:3      | Reached XP level 5. HP: 37/37 MP: 5/14
  2794 | D:3      | Noticed Sigmund
  2818 | D:3      | Killed Sigmund
  2818 | D:3      | Reached XP level 6. HP: 44/44 MP: 2/16
  2972 | D:3      | Noticed Jessica
  2986 | D:3      | Killed Jessica
  3272 | D:3      | Found a runed translucent door.
  3273 | D:3      | Noticed Crazy Yiuf
  3466 | D:4      | Reached skill level 5 in Dodging
  3483 | D:4      | HP: 2/44 [poisoned by a worker ant]
  3485 | D:4      | Succumbed to a worker ant's poison

Levels and vault maps discovered:
D:1:      ncdulo_wetmaze, layout_basic, serial_rivers,
          chequers_serial_rivers_micro_c, chequers_serial_rivers_marsh,
          chequers_serial_rivers_micro_c, chequers_serial_rivers_micro_b,
          chequers_serial_rivers_micro_d, chequers_serial_rivers_small_3
D:2:      layout_loops_ring
D:3:      layout_loops_corners, uniq_crazy_yiuf_cottage, uniq_jessica,
          uniq_sigmund
D:4:      layout_loops_cross, minmay_temple_entry_large_hall, serial_shops,
          shop_fountains, first_ration, uniq_edmund, uniq_grinder

Skill      XL: |  1  2  3  4  5  6 |
---------------+-------------------+-----
Conjurations   | 2 |  2.6
Summonings     | 2 |  2.6
Translocations | 2 |  2.6
Invocations    | 1 2 |  2.2
Fighting       | 1 2 |  2.0
Short Blades   | 1 2 |  2.0
Long Blades    | 1 2 |  2.0
Axes           | 1 2 |  2.0
Maces & Flails | 1 2 |  2.0
Polearms       | 1 2 |  2.0
Staves         | 1 2 |  2.0
Slings         | 1 2 |  2.0
Bows           | 1 2 |  2.0
Crossbows      | 1 2 |  2.0
Throwing       | 1 2 |  2.0
Armour         | 1 2 |  2.0
Shields        | 1 2 |  2.0
Unarmed Combat | 1 2 |  2.0
Evocations     | 1 2 |  2.0
Hexes          | 1 |  1.6
Charms         | 1 |  1.6
Necromancy     | 1 |  1.6
Transmutations | 1 |  1.6
Fire Magic     | 1 |  1.6
Ice Magic      | 1 |  1.6
Air Magic      | 1 |  1.6
Earth Magic    | 1 |  1.6
Poison Magic   | 1 |  1.6
Dodging        | 5 |  5.0
Stealth        | |  4.6
Spellcasting   | |  7.4

Action                   |  1- 3 |  4- 6 || total
-------------------------+-------+-------++-------
Melee: Unarmed           |    16 |       ||    16
       Dagger            |     2 |       ||     2
       Short sword       |       |     3 ||     3
       Scythe            |       |    19 ||    19
 Cast: Magic Dart        |    83 |    79 ||   162
       Call Imp          |       |     5 ||     5
       Mephitic Cloud    |       |     3 ||     3
  Use: Scroll            |       |     2 ||     2
 Stab: Distracted        |       |     1 ||     1
  Eat: Chunk             |     2 |     5 ||     7
Armor: Robe              |     4 |     7 ||    11
Dodge: Dodged            |    20 |    36 ||    56

Table legend:
 A = Non-vault XP
 B = Vault XP
 C = Vault XP percentage of total XP
 D = Non-vault monster count
 E = Vault monster count
 F = Vault count percentage of total count
                 A         B        C        D         E       F
            +---------+---------+-------+---------+---------+-------
      Total |     314 |     203 |  39.3 |      68 |       2 |   2.9
            +---------+---------+-------+---------+---------+-------
        D:1 |      55 |       0 |   0.0 |      28 |       0 |   0.0
        D:2 |      88 |       0 |   0.0 |      18 |       0 |   0.0
        D:3 |      35 |     203 |  85.3 |      16 |       2 |  11.1
        D:4 |     136 |       0 |   0.0 |       6 |       0 |   0.0
            +---------+---------+-------+---------+---------+-------
